 Dungeon Crawl Stone Soup version 0.27-a0-328-g7f782ed93a (webtiles) character file.

Game seed: 410745395682973710

2 CurlyBrace the Caller (level 1, -1/7 HPs)
             Began as a Felid Summoner on Feb 11, 2021.
             Killed from afar by a dart slug (3 damage)
             ... with a slug dart
             ... on level 1 of the Dungeon.
             The game lasted 00:00:54 (77 turns).

CurlyBrace the Caller (Felid Summoner)                Turns: 77, Time: 00:00:55

Health: -1/7       AC:  1    Str:  4    XL:     1   Next: 25%
Magic:  4/4        EV: 18    Int: 16    God:
Gold:   6          SH:  0    Dex: 16    Spells: 3/4 levels left
                                        Lives:  0   Deaths: 0

rFire    . . .     SeeInvis +   (weapon unavailable)
rCold    . . .     Faith    .   (shield unavailable)
rNeg     . . .     Spirit   .   (armour unavailable)
rPois    .         Reflect  .   (helmet unavailable)
rElec    .         Harm     .   (cloak unavailable)
rCorr    .         Rampage  .   (gloves unavailable)
Will     .....                  (boots unavailable)
Stlth    +++.......             (no amulet)
HPRegen  0.02/turn              (no ring)
MPRegen  0.09/turn              (no ring)

@: quick
A: very small, no armour, no weapons or thrown items, stealth, claws 1, fangs 3,
see invisible, speed 1, shaggy fur 1, sharp paws
a: no special abilities


You were on level 1 of the Dungeon.
You visited 1 branch of the dungeon, and saw 1 of its levels.

You collected 6 gold pieces.

Inventory:

Scrolls
 a - a scroll of teleportation {unknown}


   Skills:
 * Level 0.2 Fighting
 + Level 2.7 Dodging
 + Level 2.7 Stealth
 * Level 0.2 Unarmed Combat
 - Level 2.0 Spellcasting
 - Level 4.0 Summonings


You had 3 spell levels left.
You knew the following spells:

 Your Spells              Type           Power        Failure   Level
a - Summon Small Mammal   Summ           56%          4%          1

Your spell library contained the following spells:

 Spells                   Type           Power        Failure   Level
 Call Imp                 Summ           14%          6%          2
 Call Canine Familiar     Summ           14%          12%         3
 Summon Guardian Golem    Hex/Summ       8%           26%         3
 Summon Ice Beast         Ice/Summ       8%           65%         4
 Summon Lightning Spire   Summ/Air       8%           65%         4


Dungeon Overview and Level Annotations

Branches:
Dungeon (1/15)

Altars:


Innate Abilities, Weirdness & Mutations

You cannot wear armour.
You are incapable of wielding weapons or throwing items.
Your paws allow you to move quietly. (Stealth)
You have sharp claws.
You have razor-sharp teeth.
You have supernaturally acute eyesight. (SInv)
You cover ground quickly.
You are covered in fur. (AC +1)
Your sharp claws are effective at attacking unaware monsters.


Message History

You see here a scroll labelled EFYOR HEPS.
a - a scroll labelled EFYOR HEPS You aren't carrying any potions.
You aren't carrying any pieces of jewellery.
The dart slug launches a dart at you. The slug dart misses you.
Found a robe.
You see here a scratched bone ring.
b - a scratched bone ring
b - a ring of see invisible (left paw) Drop what? 2/52 slots (_ for help) (? for menu, Esc to quit)
You remove your ring of see invisible.
You drop a ring of see invisible.
You scratch the plant.
The plant begins to die.
You bite the plant.
The plant is lightly damaged.
You scratch the goblin.
You kill the goblin!
A nearby plant withers and dies.
Found 6 gold pieces and 13 sling bullets.
A bat comes into view.
The bat closely misses you.
You are too injured to fight recklessly!
You closely miss the bat. The bat misses you. The bat hits you.
* * * LOW HITPOINT WARNING * * *
You scratch the bat.
The bat is severely wounded.
The bat completely misses you. The bat closely misses you.
You scratch the bat.
You kill the bat!
A hobgoblin comes into view.
You see here 6 gold pieces.
You now have 6 gold pieces.
The hobgoblin shouts!
Things that are here:
13 sling bullets; a bat corpse Something bites the bush but does no damage.
The dart slug launches a dart at you. The slug dart hits you.
You die...

P. ######### ♣P.
#.g...g.# ..# #.#####.#
..# #.# #.# #.## #g# #.#
#..# #.# #.# ##..# #.#
#.# #<..# #.# #@# ##..#
#.# .#.# ########.# #.#
...#..........# ###
#.###.#......####.#.....
#.....#.#.#....[..+.....
###...P.......#.#.#.....
####(♣.PP......#.#.#.....
#..w..PP...#.#.#.#.#.....
#.PP..♣......#.#+#......#


You could see a dart slug and a hobgoblin.

Vanquished Creatures
  A goblin (D:1)
  A bat (D:1)
2 creatures vanquished.

Vanquished Creatures (others)
  2 plants (D:1)
2 creatures vanquished.

Grand Total: 4 creatures vanquished

Notes
Turn   | Place    | Note
-------+----------+-------------------------------------------
     0 | D:1      | CurlyBrace the Felid Summoner began the quest for the Orb.
     0 | D:1      | Reached XP level 1. HP: 7/7 MP: 4/4
    77 | D:1      | Killed from afar by a dart slug

Illustrated notes

Levels and vault maps discovered:
D:1:      saegor_arrival_simple_a, layout_basic, serial_forest,
          infiniplex_forest_clump_double, infiniplex_forest_straight_3,
          infiniplex_forest_clump_long, infiniplex_forest_clump_cross,
          infiniplex_forest_zigzag_1

Action                   || total
-------------------------++-------
Melee: Unarmed           ||     5
       Bite              ||     1
Dodge: Dodged            ||     5

Table legend: (Time is in decaauts)
 A = Elapsed time spent in this place.
 B = Non-inter-level travel time spent in this place.
 C = Inter-level travel time spent in this place.
 D = Time resting spent in this place.
 E = Time spent auto-exploring this place.
 F = Levels seen in this place.
 G = Mean time per level.
                   A        B        C        D        E       F      G
               +--------+--------+--------+--------+--------+-----+--------+
         Total |     63 |     63 |      0 |      0 |      0 |   1 |   63.0 |
       Dungeon |     63 |     63 |      0 |      0 |      0 |   1 |   63.0 |
               +--------+--------+--------+--------+--------+-----+--------+

Top non-repeatable levels by time:
     D:1: 63 daAuts
